[Event "106th British-ch Major 2019"]
[Site "Torquay"]
[Date "2019.08.03"]
[Round "8.7"]
[White "Rogacewicz, Mikolaj"]
[Black "Price, Gwilym"]
[Result "0-1"]
[ECO "E81"]
[WhiteElo "1925"]
[BlackElo "2138"]
[Annotator "ChessBase"]
[PlyCount "130"]
[EventDate "2019.07.27"]
[EventType "swiss"]
[EventCountry "GBR"]
[SourceTitle "playchess.com"]
[Source "ChessBase"]
[SourceQuality "1"]
[TimeControl "40/5400+30:1800+30"]

1. d4 Nf6 2. c4 g6 3. Nc3 Bg7 4. e4 d6 5. f3 O-O 6. Be3 c5 7. Nge2 Nc6 8. d5 Ne5 9. Ng3 h5 10. Be2 h4 11. Nf1 e6 12. Bg5 h3 13. gxh3 exd5 14. Nxd5 Bxh3 15. Nfe3 Nxd5 16. Bxd8 Nxe3 17. Qb3 Ng2+ 18. Kf2 Raxd8 19. Kg3 Bh6 20. Bf1 f5 21. Bxg2 fxe4 22. fxe4 Bxg2 23. Kxg2 b6 24. Qh3 Kg7 25. Rhf1 Bf4 26. Qc3 Rd7 27. Rad1 g5 28. b3 Rf6 29. h3 Kg6 30. Rd5 Kf7 31. b4 cxb4 32. Qxb4 Ng6 33. Qb5 Rc7 34. Rd3 Ke7 35. Ra3 Ne5 36. Ra4 Rf7 37. Qd5 Rf8 38. Rb4 Rfc8 39. h4 Ng4 40. Rb3 Rxc4 41. hxg5 Rc2+ 42. Kh3 Nf2+ 43. Rxf2 Rh8+ 44. Kg4 Rxf2 45. Rc3 Be5 46. Rc7+ Kd8 47. Rf7 Rg2+ 48. Kf5 Rf2+ 49. Kg6 Rg8+ 50. Kh5 Rh8+ 51. Kg4 Rg2+ 52. Kf3 Rg3+ 53. Ke2 Rh2+ 54. Rf2 Rxf2+ 55. Kxf2 Rxg5 56. Qa8+ Kc7 57. Qxa7+ Kc6 58. Qa4+ Kb7 59. Qd7+ Ka6 60. Qc8+ Ka7 61. Qc7+ Ka6 62. Qc4+ Ka7 63. a4 Rg7 64. Qb5 Rc7 65. Kf3 Rg7 0-1

[Event "106th British-ch Major 2019"]
[Site "Torquay"]
[Date "2019.08.03"]
[Round "8.8"]
[White "Eames, Robert S"]
[Black "Warren, Alex M"]
[Result "1-0"]
[ECO "E76"]
[WhiteElo "2136"]
[BlackElo "1967"]
[Annotator "NA"]
[PlyCount "130"]
[EventDate "2019.07.27"]
[EventType "swiss"]
[EventCountry "GBR"]
[SourceTitle "playchess.com"]
[Source "ChessBase"]
[SourceQuality "1"]
[TimeControl "40/5400+30:1800+30"]

1. d4 Nf6 2. c4 g6 3. Nc3 Bg7 4. e4 d6 5. f4 c5 6. d5 O-O 7. Nf3 e6 8. dxe6 fxe6 9. Bd3 Nc6 10. O-O b6 11. Qe1 Bb7 12. Ng5 Qe7 13. Bd2 Nb4 14. Bb1 Nd7 15. Qg3 Rae8 16. a3 Nc6 17. e5 Ncxe5 18. fxe5 Rxf1+ 19. Kxf1 Bxe5 20. Qh3 Rf8+ 21. Ke2 Bd4 22. Nf3 Bxf3+ 23. gxf3 Ne5 24. Be4 Nxc4 25. Bh6 Re8 26. Bc6 Rd8 27. Ne4 Bf6 28. Kf1 d5 29. Nxf6+ Qxf6 30. Re1 e5 31. Bd7 e4 32. Qe6+ Qf7 33. Qxf7+ Kxf7 34. Bb5 Nd6 35. Bc6 Nf5 36. Bg5 Rd6 37. fxe4 Rxc6 38. exf5 gxf5 39. Re7+ Kg6 40. Bf4 a6 41. Ke2 b5 42. Kf3 d4 43. Be5 d3 44. Rg7+ Kh6 45. Rd7 c4 46. Kf4 Rg6 47. Kxf5 Rg5+ 48. Ke4 Rg1 49. Bf4+ Kg6 50. Rd6+ Kf7 51. Kf5 Rf1 52. Ke4 Ke7 53. Rd5 Re1+ 54. Kf5 Re2 55. Re5+ Rxe5+ 56. Kxe5 Kf7 57. Bd2 Ke7 58. Kd5 Kd7 59. Kc5 Kc7 60. Ba5+ Kb7 61. h4 h5 62. Kd6 d2 63. Bxd2 Kb6 64. Bb4 a5 65. Bc5+ Kb7 1-0

[Event "106th British-ch Major 2019"]
[Site "Torquay"]
[Date "2019.08.03"]
[Round "8.9"]
[White "Ward, Andy"]
[Black "Hagesather, Arne"]
[Result "1/2-1/2"]
[ECO "D00"]
[WhiteElo "1822"]
[BlackElo "2046"]
[Annotator "NA"]
[PlyCount "92"]
[EventDate "2019.07.27"]
[EventType "swiss"]
[EventCountry "GBR"]
[SourceTitle "playchess.com"]
[Source "ChessBase"]
[SourceQuality "1"]
[TimeControl "40/5400+30:1800+30"]

1. d4 Nf6 2. Nc3 d5 3. Bf4 Bf5 4. f3 e6 5. g4 Bg6 6. h4 h6 7. e3 Bd6 8. Nh3 a6 9. Bd3 Bxd3 10. Qxd3 Nc6 11. O-O-O Bxf4 12. Nxf4 Qd6 13. g5 Nd7 14. g6 f5 15. Nh5 O-O-O 16. f4 Ne7 17. Nxg7 Rhg8 18. Nh5 Rxg6 19. Rdg1 Rdg8 20. Qd1 c5 21. Rxg6 Nxg6 22. Rg1 cxd4 23. Qxd4 Qe7 24. Na4 Qxh4 25. Nb6+ Nxb6 26. Qxb6 Qe7 27. Qa7 Kc7 28. Qd4 Qf7 29. Qc5+ Kb8 30. Qd6+ Ka8 31. Ng3 Ne7 32. Ne2 Rxg1+ 33. Nxg1 Nc6 34. Nf3 Qg8 35. b4 Qg2 36. Ne5 Nxe5 37. Qf8+ Ka7 38. Qc5+ Kb8 39. Qd6+ Kc8 40. Qxe5 Qe4 41. Qh8+ Kd7 42. Qg7+ Kc6 43. Qc3+ Qc4 44. Qe5 Qxb4 45. Qxe6+ Kc5 46. Qc8+ Kb6 1/2-1/2

[Event "106th British-ch Major 2019"]
[Site "Torquay"]
[Date "2019.08.03"]
[Round "8.10"]
[White "Taylor, William J"]
[Black "Pollack, Oscar"]
[Result "0-1"]
[ECO "C04"]
[WhiteElo "2062"]
[BlackElo "2088"]
[Annotator "NA"]
[PlyCount "82"]
[EventDate "2019.07.27"]
[EventType "swiss"]
[EventCountry "GBR"]
[SourceTitle "playchess.com"]
[Source "ChessBase"]
[SourceQuality "1"]
[TimeControl "40/5400+30:1800+30"]

1. e4 e6 2. d4 d5 3. Nd2 Nc6 4. Ngf3 Nf6 5. e5 Nd7 6. Nb3 a5 7. a4 b6 8. Bb5 Na7 9. Bd3 c5 10. c4 Bb7 11. dxc5 Nxc5 12. Nxc5 Bxc5 13. O-O Nc6 14. Bg5 Qd7 15. cxd5 Qxd5 16. Bb5 Qxd1 17. Raxd1 h6 18. Bh4 g5 19. Bg3 Ke7 20. h4 g4 21. Nd2 Nd4 22. Bd3 Bc6 23. b3 Bd5 24. Rb1 Nf5 25. Kh2 Nxg3 26. Kxg3 Rad8 27. Be4 h5 28. Bxd5 exd5 29. Kf4 Ke6 30. Rbe1 Bf8 31. Ke3 Kxe5 32. Kd3+ Kd6 33. Nb1 Bg7 34. Rc1 Rc8 35. Na3 Rxc1 36. Rxc1 Kd7 37. Nb5 Be5 38. Re1 f6 39. g3 Rc8 40. Rb1 f5 41. b4 Rc4 0-1

[Event "106th British-ch Major 2019"]
[Site "Torquay"]
[Date "2019.08.03"]
[Round "8.11"]
[White "Shaw, Peter"]
[Black "Chapman, Matt"]
[Result "1/2-1/2"]
[ECO "D00"]
[WhiteElo "2068"]
[BlackElo "1957"]
[Annotator "NA"]
[PlyCount "95"]
[EventDate "2019.07.27"]
[EventType "swiss"]
[EventCountry "GBR"]
[SourceTitle "playchess.com"]
[Source "ChessBase"]
[SourceQuality "1"]
[TimeControl "40/5400+30:1800+30"]

1. d4 d5 2. Bf4 Nf6 3. e3 c5 4. c3 Nc6 5. Nd2 cxd4 6. exd4 Bf5 7. Ngf3 e6 8. Qb3 Bd6 9. Bg3 Qc7 10. Bxd6 Qxd6 11. Bb5 O-O 12. O-O a6 13. Bxc6 bxc6 14. Qa4 c5 15. Qa3 Rfc8 16. Nb3 Nd7 17. Rfe1 Qc7 18. Nxc5 Nxc5 19. Qxc5 Qxc5 20. dxc5 Rxc5 21. Nd4 Bg6 22. Rad1 Rb8 23. Rd2 h6 24. f3 a5 25. a4 Rc4 26. Ra1 Kf8 27. Nb5 Ke7 28. b3 Rcc8 29. Re1 Kf8 30. Ree2 Rb6 31. Rd4 f6 32. Kf2 Be8 33. c4 dxc4 34. Rxc4 Rcb8 35. Nc7 e5 36. Nxe8 Rxe8 37. Rc5 Rxb3 38. Rxa5 Ra3 39. Rb2 Re7 40. Ra8+ Kf7 41. a5 Kg6 42. a6 Rd7 43. h3 h5 44. h4 Kh7 45. Kg1 Kg6 46. Kh2 Kh7 47. Kg1 Kg6 48. Kh2 1/2-1/2

[Event "106th British-ch Major 2019"]
[Site "Torquay"]
[Date "2019.08.03"]
[Round "8.12"]
[White "Modi, Kishan Jagdish"]
[Black "Sugden, John N"]
[Result "1/2-1/2"]
[ECO "B41"]
[WhiteElo "1923"]
[BlackElo "2068"]
[Annotator "NA"]
[PlyCount "107"]
[EventDate "2019.07.27"]
[EventType "swiss"]
[EventCountry "GBR"]
[SourceTitle "playchess.com"]
[Source "ChessBase"]
[SourceQuality "1"]
[TimeControl "40/5400+30:1800+30"]

1. e4 c5 2. Nf3 e6 3. d4 cxd4 4. Nxd4 a6 5. c4 Nf6 6. Nc3 Bb4 7. Qd3 d5 8. exd5 exd5 9. Be2 O-O 10. O-O dxc4 11. Qxc4 Be7 12. Rd1 b5 13. Qb3 Qc7 14. Bf3 Bb7 15. Ndxb5 axb5 16. Nxb5 Qb6 17. Be3 Qa6 18. Nc7 Bxf3 19. Nxa6 Bxd1 20. Rxd1 Nxa6 21. Qb7 Bc5 22. Bxc5 Nxc5 23. Qb5 Na4 24. Rd4 Rfc8 25. h3 Nc5 26. a4 Ne6 27. Rc4 Rcb8 28. Qc6 Nd8 29. Qf3 Nd7 30. Rb4 Rc8 31. Qe2 Ne6 32. Qb5 Rcb8 33. Qc6 Rxb4 34. Qxa8+ Nb8 35. a5 Rxb2 36. Qd5 h6 37. Qc4 Kh7 38. Qc3 Rb1+ 39. Kh2 Rb7 40. Qc8 Rb2 41. Kg3 Rb5 42. a6 Nxa6 43. Qxa6 Rg5+ 44. Kh2 g6 45. g4 Kg7 46. Qa1+ Kg8 47. Qf6 Rd5 48. Qb2 h5 49. Qb8+ Rd8 50. Qe5 hxg4 51. hxg4 g5 52. Qf6 Rd4 53. Qf3 Rf4 54. Qa8+ 1/2-1/2

[Event "106th British-ch Major 2019"]
[Site "Torquay"]
[Date "2019.08.03"]
[Round "8.13"]
[White "Rice, Chris B"]
[Black "Cocks, Elliot"]
[Result "1/2-1/2"]
[ECO "A16"]
[WhiteElo "2040"]
[BlackElo "1907"]
[Annotator "NA"]
[PlyCount "48"]
[EventDate "2019.07.27"]
[EventType "swiss"]
[EventCountry "GBR"]
[SourceTitle "playchess.com"]
[Source "ChessBase"]
[SourceQuality "1"]
[TimeControl "40/5400+30:1800+30"]

1. c4 Nf6 2. g3 g6 3. Bg2 Bg7 4. Nc3 O-O 5. d3 d6 6. Bg5 h6 7. Bd2 e5 8. e4 c5 9. Nge2 Nc6 10. O-O Ne8 11. a3 Nc7 12. Rb1 Rb8 13. b4 cxb4 14. axb4 b5 15. cxb5 Nd4 16. Qa4 Ncxb5 17. Nxd4 Nxc3 18. Bxc3 exd4 19. Bd2 Qb6 20. Ra1 Rb7 21. Rfc1 Bd7 22. Qa5 Bb5 23. Qxb6 Rxb6 24. Bf1 a6 1/2-1/2

[Event "106th British-ch Major 2019"]
[Site "Torquay"]
[Date "2019.08.03"]
[Round "8.14"]
[White "Nayak, Raghav"]
[Black "Menadue, Jeremy F S"]
[Result "1/2-1/2"]
[ECO "B23"]
[WhiteElo "1906"]
[BlackElo "2016"]
[Annotator "NA"]
[PlyCount "64"]
[EventDate "2019.07.27"]
[EventType "swiss"]
[EventCountry "GBR"]
[SourceTitle "playchess.com"]
[Source "ChessBase"]
[SourceQuality "1"]
[TimeControl "40/5400+30:1800+30"]

1. e4 c5 2. Nc3 Nc6 3. f4 g6 4. Nf3 Bg7 5. Bc4 e6 6. O-O Nge7 7. Qe1 O-O 8. d3 d5 9. Bb3 b5 10. Nxb5 Qb6 11. c4 dxe4 12. dxe4 Na5 13. Qh4 Nxb3 14. axb3 Nc6 15. f5 exf5 16. Bh6 f6 17. Be3 fxe4 18. Qxe4 Rd8 19. Rad1 Bf5 20. Qh4 Bd3 21. Rf2 a6 22. Nc3 Qxb3 23. Rfd2 Bf5 24. Bxc5 Rxd2 25. Rxd2 Na5 26. Rd4 Qxb2 27. Nd5 Nb3 28. Nxf6+ Bxf6 29. Qxf6 Qb1+ 30. Kf2 Nxc5 31. Rd8+ Rxd8 32. Qxd8+ Kg7 1/2-1/2

[Event "106th British-ch Major 2019"]
[Site "Torquay"]
[Date "2019.08.03"]
[Round "8.15"]
[White "Cusick, Peter"]
[Black "Sheerin, Alex"]
[Result "0-1"]
[ECO "E69"]
[WhiteElo "1971"]
[BlackElo "1845"]
[Annotator "NA"]
[PlyCount "64"]
[EventDate "2019.07.27"]
[EventType "swiss"]
[EventCountry "GBR"]
[SourceTitle "playchess.com"]
[Source "ChessBase"]
[SourceQuality "1"]
[TimeControl "40/5400+30:1800+30"]

1. d4 Nf6 2. Nf3 g6 3. g3 Bg7 4. Bg2 O-O 5. c4 d6 6. Nc3 Nbd7 7. O-O e5 8. h3 c6 9. e4 Re8 10. Re1 exd4 11. Nxd4 Qb6 12. Rb1 Nxe4 13. Nxe4 Qxd4 14. Be3 Qxd1 15. Rexd1 d5 16. cxd5 cxd5 17. Rxd5 Nb6 18. Bxb6 axb6 19. Nd6 Re2 20. Nxc8 Rxc8 21. Rd7 Rcc2 22. Rf1 Rxb2 23. Bd5 Red2 24. Rc1 Bd4 25. Rxf7 Bc5 26. Rd7+ Kh8 27. Rd8+ Kg7 28. Rg8+ Kh6 29. Rd8 Rxf2 30. Rxc5 bxc5 31. g4 Rfd2 32. g5+ Kxg5 0-1

[Event "106th British-ch Major 2019"]
[Site "Torquay"]
[Date "2019.08.03"]
[Round "8.16"]
[White "Wilson, Matthew R"]
[Black "Brown, Tom"]
[Result "1/2-1/2"]
[ECO "B13"]
[WhiteElo "1817"]
[BlackElo "1953"]
[Annotator "NA"]
[PlyCount "90"]
[EventDate "2019.07.27"]
[EventType "swiss"]
[EventCountry "GBR"]
[SourceTitle "playchess.com"]
[Source "ChessBase"]
[SourceQuality "1"]
[TimeControl "40/5400+30:1800+30"]

1. e4 c6 2. d4 d5 3. exd5 cxd5 4. Bd3 Nc6 5. c3 Nf6 6. Bf4 g6 7. Nd2 Bg7 8. Ngf3 O-O 9. O-O Bf5 10. Bxf5 gxf5 11. Ne5 e6 12. Qe2 Ne7 13. a4 Ng6 14. Nxg6 hxg6 15. Be5 Qb6 16. Qb5 Rfc8 17. Qxb6 axb6 18. f3 Ra6 19. Ra3 b5 20. Rfa1 bxa4 21. Rxa4 Rca8 22. Rxa6 Rxa6 23. Rxa6 bxa6 24. Nb3 Nd7 25. Bxg7 Kxg7 26. g4 fxg4 27. fxg4 g5 28. Nc5 Nxc5 29. dxc5 Kf6 30. b4 Ke7 31. Kf2 Kd7 32. Ke3 e5 33. Kd3 Kc6 34. c4 d4 35. Ke4 f6 36. Kd3 a5 37. bxa5 Kxc5 38. Ke4 Kc6 39. Kd3 Kc5 40. h3 Kc6 41. Ke4 Kb7 42. c5 Kc6 43. a6 Kc7 44. Kd3 Kc6 45. Ke4 Kc7 1/2-1/2

[Event "106th British-ch Major 2019"]
[Site "Torquay"]
[Date "2019.08.03"]
[Round "8.17"]
[White "Camp, Imogen Al"]
[Black "Barton, R Alan"]
[Result "1/2-1/2"]
[ECO "D08"]
[WhiteElo "1850"]
[BlackElo "1941"]
[Annotator "NA"]
[PlyCount "108"]
[EventDate "2019.07.27"]
[EventType "swiss"]
[EventCountry "GBR"]
[SourceTitle "playchess.com"]
[Source "ChessBase"]
[SourceQuality "1"]
[TimeControl "40/5400+30:1800+30"]

1. d4 d5 2. c4 e5 3. dxe5 d4 4. Nf3 Nc6 5. a3 a5 6. e3 Bc5 7. exd4 Bxd4 8. Nxd4 Qxd4 9. Nc3 Qxd1+ 10. Nxd1 Nxe5 11. Bf4 f6 12. Nc3 Bf5 13. O-O-O Ne7 14. Nb5 O-O 15. Nxc7 Rac8 16. Bxe5 fxe5 17. Nb5 Be6 18. Nd6 Rc7 19. f3 Nf5 20. Nxf5 Rxf5 21. Bd3 Rf8 22. Rhe1 Bxc4 23. Bxc4+ Rxc4+ 24. Kb1 Rc5 25. Re4 h6 26. Rde1 Rf5 27. R1e3 h5 28. g4 hxg4 29. fxg4 Rf1+ 30. Ka2 Rcc1 31. Kb3 Rf2 32. Rxe5 Rcc2 33. Rxa5 Rxb2+ 34. Kc4 Rxh2 35. Ra7 Rhg2 36. Re4 Kf7 37. Kd5 Kf6 38. Kd6 Rgc2 39. Raa4 Rc6+ 40. Kd5 Rd2+ 41. Red4 Rxd4+ 42. Rxd4 Kg5 43. a4 g6 44. Rb4 Ra6 45. Kc5 Kh4 46. Rb6 Kxg4 47. Rxa6 bxa6 48. Kb6 g5 49. Kxa6 Kf4 50. Kb7 g4 51. a5 g3 52. a6 g2 53. a7 g1=Q 54. a8=Q Ke4 1/2-1/2

[Event "106th British-ch Major 2019"]
[Site "Torquay"]
[Date "2019.08.03"]
[Round "8.18"]
[White "Hosdurga, Chirag"]
[Black "Foster, Timothy"]
[Result "1/2-1/2"]
[ECO "E76"]
[WhiteElo "1926"]
[BlackElo "1852"]
[Annotator "NA"]
[PlyCount "58"]
[EventDate "2019.07.27"]
[EventType "swiss"]
[EventCountry "GBR"]
[SourceTitle "playchess.com"]
[Source "ChessBase"]
[SourceQuality "1"]
[TimeControl "40/5400+30:1800+30"]

1. d4 Nf6 2. c4 g6 3. Nc3 Bg7 4. e4 d6 5. f4 c5 6. d5 O-O 7. Nf3 e6 8. dxe6 fxe6 9. Bd3 Nc6 10. O-O Nd4 11. Bd2 e5 12. Nxd4 cxd4 13. Nd5 exf4 14. Bxf4 Be6 15. h3 Nh5 16. Qd2 Bxd5 17. Bg5 Bf6 18. Bxf6 Rxf6 19. cxd5 Ng3 20. Rfe1 Qe7 21. Bc2 Qe5 22. Bd1 Nxe4 23. Qc2 Re8 24. Bf3 Rf4 25. Rad1 Qxd5 26. Qa4 Re5 27. Rxd4 Qc5 28. Kh2 d5 29. Bxe4 Rfxe4 1/2-1/2

[Event "106th British-ch Major 2019"]
[Site "Torquay"]
[Date "2019.08.03"]
[Round "8.19"]
[White "Rathbone-Jones, Ifan"]
[Black "Merriman, James"]
[Result "1-0"]
[ECO "E13"]
[WhiteElo "1855"]
[BlackElo "1808"]
[Annotator "NA"]
[PlyCount "57"]
[EventDate "2019.07.27"]
[EventType "swiss"]
[EventCountry "GBR"]
[SourceTitle "playchess.com"]
[Source "ChessBase"]
[SourceQuality "1"]
[TimeControl "40/5400+30:1800+30"]

1. d4 e6 2. c4 Nf6 3. Nc3 Bb4 4. Nf3 b6 5. Bg5 Bb7 6. e3 h6 7. Bh4 g5 8. Bg3 Ne4 9. Qc2 f5 10. Bd3 d6 11. Qa4+ Nc6 12. Bxe4 fxe4 13. Nd2 Bxc3 14. bxc3 d5 15. cxd5 exd5 16. c4 h5 17. Bxc7 Qxc7 18. cxd5 O-O-O 19. dxc6 Bxc6 20. Qc2 Rhe8 21. Rc1 Kb7 22. Nc4 Re6 23. O-O Qh7 24. Ne5 Rdd6 25. Rfd1 h4 26. d5 Rxe5 27. dxc6+ Kc7 28. Rxd6 Kxd6 29. c7 1-0

[Event "106th British-ch Major 2019"]
[Site "Torquay"]
[Date "2019.08.03"]
[Round "8.20"]
[White "Howell, Oliver W"]
[Black "Young, Daniel J"]
[Result "0-1"]
[ECO "A37"]
[WhiteElo "1797"]
[BlackElo "1971"]
[Annotator "NA"]
[PlyCount "44"]
[EventDate "2019.07.27"]
[EventType "swiss"]
[EventCountry "GBR"]
[SourceTitle "playchess.com"]
[Source "ChessBase"]
[SourceQuality "1"]
[TimeControl "40/5400+30:1800+30"]

1. Nf3 c5 2. c4 g6 3. g3 Bg7 4. Bg2 Nc6 5. O-O d6 6. Nc3 e6 7. e3 Nge7 8. d4 O-O 9. d5 Na5 10. Qd3 Rb8 11. Rb1 exd5 12. cxd5 b5 13. e4 b4 14. Ne2 Bd7 15. b3 Bb5 16. Qc2 Re8 17. Bb2 Nxd5 18. Bxg7 Kxg7 19. Rfc1 Bxe2 20. Qxe2 Nc3 21. Qb2 Qf6 22. Ra1 Rxe4 0-1

[Event "106th British-ch Major 2019"]
[Site "Torquay"]
[Date "2019.08.03"]
[Round "8.21"]
[White "Lovell, William Pm"]
[Black "Mueller, Jens"]
[Result "1/2-1/2"]
[ECO "A36"]
[WhiteElo "1777"]
[BlackElo "1965"]
[Annotator "NA"]
[PlyCount "81"]
[EventDate "2019.07.27"]
[EventType "swiss"]
[EventCountry "GBR"]
[SourceTitle "playchess.com"]
[Source "ChessBase"]
[SourceQuality "1"]
[TimeControl "40/5400+30:1800+30"]

1. c4 g6 2. g3 Bg7 3. Bg2 c5 4. Nc3 Nc6 5. e4 d6 6. Nge2 Rb8 7. O-O a6 8. a4 Nd4 9. Rb1 e6 10. b4 Ne7 11. b5 Bd7 12. Bb2 O-O 13. Nxd4 cxd4 14. Ne2 e5 15. d3 f5 16. f3 Bh6 17. Bc1 Bxc1 18. Qxc1 Be6 19. Bh3 Qd7 20. Ra1 Kg7 21. Kh1 h6 22. Rg1 fxe4 23. Bxe6 Qxe6 24. fxe4 Rf3 25. Qd2 Rbf8 26. Rg2 Ng8 27. Ng1 Rf1 28. Rxf1 Rxf1 29. Rf2 Ra1 30. bxa6 bxa6 31. Qa5 Qd7 32. Qxa6 Rxa4 33. Qb6 Ra3 34. Rf3 Qe7 35. Qb4 Ra1 36. Qb2 Ra7 37. Qb6 Rb7 38. Qa6 Qc7 39. h3 Nf6 40. c5 Ra7 41. cxd6 1/2-1/2

[Event "106th British-ch Major 2019"]
[Site "Torquay"]
[Date "2019.08.03"]
[Round "8.22"]
[White "Kirupakaran, Vishnu"]
[Black "Pink, Joshua"]
[Result "1/2-1/2"]
[ECO "B12"]
[WhiteElo "1771"]
[BlackElo "1907"]
[Annotator "NA"]
[PlyCount "118"]
[EventDate "2019.07.27"]
[EventType "swiss"]
[EventCountry "GBR"]
[SourceTitle "playchess.com"]
[Source "ChessBase"]
[SourceQuality "1"]
[TimeControl "40/5400+30:1800+30"]

1. e4 c6 2. d4 d5 3. e5 Bf5 4. Nf3 e6 5. Be2 Nd7 6. Nbd2 Ne7 7. Nb3 h6 8. O-O g5 9. c4 Ng6 10. Be3 f6 11. cxd5 cxd5 12. Bd3 g4 13. Bxf5 exf5 14. Ne1 fxe5 15. dxe5 Ndxe5 16. Nd3 Bd6 17. Nd4 Qf6 18. Nxe5 Nxe5 19. Qa4+ Kf7 20. f3 g3 21. hxg3 Nc4 22. Qd7+ Kg6 23. Bf2 Rh7 24. Qb5 Nb6 25. f4 Re7 26. Nf3 Re4 27. Bxb6 axb6 28. Qxd5 Bc5+ 29. Kh1 Rd8 30. Ne5+ Kg7 31. Qxb7+ Kg8 32. Rad1 Re8 33. Qd5+ Kg7 34. Nf3 Re2 35. Qd7+ R8e7 36. Qc8 Qxb2 37. Rd8 Qxa2 38. Qxf5 Qf7 39. Qg4+ Kf6 40. Nh4 Re1 41. Rd1 Rxf1+ 42. Rxf1 Qh7 43. Qh5 Re6 44. g4 Ke7 45. f5 Re3 46. f6+ Kd7 47. Qd5+ Kc7 48. f7 Qg7 49. Qf5 Qc3 50. Nf3 Bf8 51. Qf4+ Kb7 52. Rd1 Re2 53. Rd7+ Kc8 54. Ra7 Re1+ 55. Nxe1 Qxe1+ 56. Kh2 Qh4+ 57. Kg1 Qe1+ 58. Kh2 Qh4+ 59. Kg1 Qe1+ 1/2-1/2

[Event "106th British-ch Major 2019"]
[Site "Torquay"]
[Date "2019.08.03"]
[Round "8.23"]
[White "Ruane, Brendan J"]
[Black "Sanitt, Ethan"]
[Result "0-1"]
[ECO "C00"]
[WhiteElo "1904"]
[BlackElo "1752"]
[Annotator "NA"]
[PlyCount "68"]
[EventDate "2019.07.27"]
[EventType "swiss"]
[EventCountry "GBR"]
[SourceTitle "playchess.com"]
[Source "ChessBase"]
[SourceQuality "1"]
[TimeControl "40/5400+30:1800+30"]

1. e4 e6 2. Qe2 Nc6 3. Nf3 d5 4. d3 Nf6 5. e5 Nd7 6. g3 Bc5 7. c3 a5 8. d4 Ba7 9. a4 Ne7 10. h4 c5 11. Na3 O-O 12. Bh3 Nf5 13. Bxf5 exf5 14. O-O h6 15. Bf4 b6 16. Rfe1 Re8 17. Nb5 Bb8 18. Qd2 c4 19. Nd6 Bxd6 20. exd6 Nf6 21. Ne5 Ne4 22. Qd1 Nxd6 23. Qh5 Qf6 24. Kg2 Be6 25. Re2 Nc8 26. Rae1 Na7 27. Nf3 Nc6 28. Bc7 Ra6 29. Ne5 Nxe5 30. Rxe5 Qe7 31. Rxe6 fxe6 32. Be5 Ra7 33. Qe2 Rb7 34. b4 axb4 0-1

[Event "106th British-ch Major 2019"]
[Site "Torquay"]
[Date "2019.08.03"]
[Round "8.24"]
[White "Gray, Edward"]
[Black "Salmons, Calum"]
[Result "1/2-1/2"]
[ECO "B30"]
[WhiteElo "1757"]
[BlackElo "1898"]
[Annotator "NA"]
[PlyCount "69"]
[EventDate "2019.07.27"]
[EventType "swiss"]
[EventCountry "GBR"]
[SourceTitle "playchess.com"]
[Source "ChessBase"]
[SourceQuality "1"]
[TimeControl "40/5400+30:1800+30"]

1. e4 c5 2. Nc3 Nc6 3. Bb5 Nd4 4. Bc4 e6 5. Nge2 Ne7 6. Nxd4 cxd4 7. Ne2 Nc6 8. O-O Bc5 9. d3 Na5 10. Bb3 d5 11. e5 Bd7 12. Ng3 h5 13. f4 g6 14. Bd2 Nc6 15. Qf3 h4 16. Nh1 Ne7 17. Nf2 Qc7 18. a3 Nf5 19. Ng4 O-O-O 20. Ba2 Rdg8 21. b4 Be7 22. Rac1 Kb8 23. Bb3 g5 24. fxg5 h3 25. g3 Bxg5 26. Bxg5 Rxg5 27. Nf6 Rh6 28. Qf4 Rhg6 29. Kh1 Bc6 30. Rf2 b6 31. a4 Qc8 32. b5 Bb7 33. a5 Qc3 34. a6 Bc8 35. Bxd5 1/2-1/2

[Event "106th British-ch Major 2019"]
[Site "Torquay"]
[Date "2019.08.03"]
[Round "8.25"]
[White "Whitehead, Mark A"]
[Black "Pattni, Kishan"]
[Result "1-0"]
[ECO "C77"]
[WhiteElo "1887"]
[BlackElo "1608"]
[Annotator "NA"]
[PlyCount "103"]
[EventDate "2019.07.27"]
[EventType "swiss"]
[EventCountry "GBR"]
[SourceTitle "playchess.com"]
[Source "ChessBase"]
[SourceQuality "1"]
[TimeControl "40/5400+30:1800+30"]

1. e4 e5 2. Nf3 Nc6 3. Bb5 a6 4. Ba4 b5 5. Bb3 Bc5 6. d3 Nf6 7. h3 h6 8. c3 d6 9. O-O O-O 10. Re1 Be6 11. Bc2 Ne7 12. d4 exd4 13. cxd4 Bb6 14. Nc3 Ng6 15. d5 Bd7 16. Ne2 Nh5 17. Ned4 Qf6 18. Be3 Nhf4 19. Kh2 Ne5 20. Nxe5 dxe5 21. Nf3 Bxe3 22. fxe3 Ng6 23. Rf1 Qd6 24. Qd2 Ne7 25. Qc3 Nxd5 26. exd5 e4+ 27. Qe5 exf3 28. Qxd6 cxd6 29. gxf3 Rac8 30. Rac1 Rc5 31. Bb3 Rfc8 32. Rxc5 Rxc5 33. Rf2 Kf8 34. Rc2 Ke7 35. Kg3 g5 36. h4 f6 37. f4 a5 38. e4 b4 39. hxg5 hxg5 40. fxg5 fxg5 41. Rxc5 dxc5 42. e5 Bf5 43. Bc4 a4 44. d6+ Kd8 45. a3 bxa3 46. bxa3 Bc2 47. e6 Bg6 48. Kg4 Be8 49. Kxg5 Bc6 50. Kf6 Be8 51. e7+ Kc8 52. Be6+ 1-0

[Event "106th British-ch Major 2019"]
[Site "Torquay"]
[Date "2019.08.03"]
[Round "8.26"]
[White "Metcalfe, Charlie P"]
[Black "Garnett, John S"]
[Result "1/2-1/2"]
[ECO "D19"]
[WhiteElo "1739"]
[BlackElo "1885"]
[Annotator "NA"]
[PlyCount "76"]
[EventDate "2019.07.27"]
[EventType "swiss"]
[EventCountry "GBR"]
[SourceTitle "playchess.com"]
[Source "ChessBase"]
[SourceQuality "1"]
[TimeControl "40/5400+30:1800+30"]

1. d4 Nf6 2. Nf3 d5 3. c4 c6 4. Nc3 dxc4 5. a4 Bf5 6. e3 e6 7. Bxc4 Bb4 8. O-O O-O 9. Qe2 Nbd7 10. e4 Bg4 11. Rd1 Nb6 12. Bd3 Be7 13. h3 Bh5 14. a5 Nbd7 15. e5 Nd5 16. Qe4 Bg6 17. Qg4 Re8 18. Bxg6 hxg6 19. Nxd5 cxd5 20. Bg5 Bxg5 21. Nxg5 Nf8 22. Re1 Rc8 23. Ra3 Rc2 24. b4 Qc7 25. Rf3 Re7 26. Rb1 Rc1+ 27. Rxc1 Qxc1+ 28. Kh2 Qc4 29. Qf4 Qc7 30. g3 Nh7 31. Kg2 Nxg5 32. Qxg5 Rd7 33. Qd2 Qc8 34. Rc3 Rc7 35. Rxc7 Qxc7 36. Qg5 Kf8 37. Qh4 Kg8 38. Qg5 Kf8 1/2-1/2

[Event "106th British-ch Major 2019"]
[Site "Torquay"]
[Date "2019.08.03"]
[Round "8.27"]
[White "Tombolis, Christopher"]
[Black "Robertson, Jim"]
[Result "1-0"]
[ECO "D30"]
[WhiteElo "1883"]
[BlackElo "1580"]
[Annotator "NA"]
[PlyCount "73"]
[EventDate "2019.07.27"]
[EventType "swiss"]
[EventCountry "GBR"]
[SourceTitle "playchess.com"]
[Source "ChessBase"]
[SourceQuality "1"]
[TimeControl "40/5400+30:1800+30"]

1. d4 d5 2. c4 e6 3. Nf3 c6 4. Qc2 Bd6 5. g3 f5 6. Bg2 Nd7 7. cxd5 cxd5 8. Nc3 a6 9. O-O Ngf6 10. Bf4 Bxf4 11. gxf4 Ne4 12. Rac1 O-O 13. e3 h6 14. Ne5 Nxe5 15. dxe5 Bd7 16. Rfd1 Rc8 17. Qb3 Nxc3 18. bxc3 Qc7 19. Bxd5 Rfe8 20. Bg2 Bb5 21. c4 Bxc4 22. Qxb7 Qxb7 23. Bxb7 Rb8 24. Rxc4 Rxb7 25. Rc6 Ra7 26. Rdd6 Rb8 27. Rxe6 Rb2 28. Rxa6 Rxa2 29. Rxa2 Rxa2 30. h4 h5 31. Rb6 Ra7 32. Rb8+ Kf7 33. Rh8 Kg6 34. Kg2 Ra4 35. Rd8 Ra1 36. Rd7 Re1 37. e6 1-0